 Dungeon Crawl Stone Soup version 0.27.1-3-gb3d3a73c9e (webtiles) character file.

Game seed: 13002858737605344477

149 seveneves the Shield-Bearer (level 5, -3/46 HPs)
             Began as a Minotaur Fighter on Aug 9, 2021.
             Slain by an orc (4 damage)
             ... on level 3 of the Dungeon on Oct 13, 2021.
             The game lasted 00:08:07 (2241 turns).

seveneves the Shield-Bearer (Minotaur Fighter)      Turns: 2241, Time: 00:08:08

Health: -3/46      AC:  8    Str: 22    XL:     5   Next: 9%
Magic:  0/4        EV:  8    Int:  5    God:
Gold:   120        SH: 10    Dex:  9    Spells: 4/4 levels left

rFire    + + .     SeeInvis .   a - +0 long sword
rCold    . . .     Faith    .   c - +0 kite shield
rNeg     + . .     Spirit   +   b - +1 scale mail
rPois    .         Reflect  .   (helmet restricted)
rElec    .         Harm     .   (no cloak)
rCorr    .         Rampage  .   (no gloves)
Will     +....                  (no boots)
Stlth    ..........             g - amulet of guardian spirit
HPRegen  0.15/turn              h - ring "Fuyllimp" {*Slow rF++ rN+ Will+}
MPRegen  0.09/turn              (no ring)

@: no status effects
A: horns 2, retaliatory headbutt
a: no special abilities


You were on level 3 of the Dungeon.
You visited 1 branch of the dungeon, and saw 3 of its levels.

You collected 120 gold pieces.

Inventory:

Hand Weapons
 a - a +0 long sword (weapon)
Armour
 b - a +1 scale mail (worn)
 c - a +0 kite shield (worn)
 e - a +0 kite shield
Jewellery
 g - an amulet of guardian spirit (around neck)
 h - the ring "Fuyllimp" (left hand) {*Slow rF++ rN+ Will+}
   (You acquired it on level 2 of the Dungeon)

   [ring of willpower]

   rF:        It greatly protects you from fire.
   rN:        It protects you from negative energy.
   *Slow:     It may slow you when you take damage.
   Will:      It increases your willpower.
 m - a ring of wizardry
 p - a +6 ring of intelligence
Scrolls
 i - a scroll of summoning {unknown}
 j - a scroll of identify {unknown}
 k - a scroll of torment {unknown}
 l - a scroll of blinking
 q - a scroll of teleportation {unknown}
Potions
 d - a potion of might
 f - a potion of brilliance
 n - 2 potions of curing {unknown}
 o - a potion of heal wounds {unknown}


   Skills:
 + Level 4.1 Fighting
 + Level 3.6 Long Blades
 + Level 4.6 Armour
 + Level 1.4 Dodging
 + Level 0.1 Stealth
 + Level 4.9 Shields


You had 4 spell levels left.
You didn't know any spells.
Your spell library contained the following spells:

 Spells                   Type           Power      Damage    Failure   Level
 Apportation              Tloc           0%         N/A       99%         1
 Gell's Gravitas          Tloc           0%         N/A       100%        3
 Lesser Beckoning         Tloc           0%         N/A       100%        3
 Teleport Other           Tloc           0%         N/A       100%        3


Dungeon Overview and Level Annotations

Branches:
Dungeon (3/15)

Altars:


Innate Abilities, Weirdness & Mutations

You have a pair of horns on your head.
You reflexively headbutt those who attack you in melee.


Message History

The orc wizard hits you with a +0 dagger.
The orc hits you but does no damage.
The orc wizard hits you but does no damage.
Items here: )) [ †††.
You block the orc's attack.
You hit the orc wizard but do no damage.
The orc wizard is heavily wounded.
The orc hits you with a +0 short sword. The orc wizard barely misses you.
The orc hits you with a +0 short sword.
You slash the orc wizard! Your headbutt misses the orc wizard.
The orc wizard is almost dead.
The goblin hits you but does no damage. You block the orc wizard's attack.
The orc hits you but does no damage. The goblin hits you with a +0 club.
* * * LOW HITPOINT WARNING * * *
You barely miss the orc wizard.
The orc wizard is almost dead.
The orc wizard casts a spell at you. The magic dart hits you!
* * * LOW HITPOINT WARNING * * *
You block the orc's attack. The goblin hits you with a +0 club.
* * * LOW HITPOINT WARNING * * *
The orc wizard barely misses you.
You closely miss the orc wizard.
You headbutt the orc wizard, but do no damage.
The orc wizard is almost dead.
You block the orc's attack. The goblin hits you but does no damage.
The orc wizard hits you with a +0 dagger.
* * * LOW HITPOINT WARNING * * *
You block the orc's attack. You block the goblin's attack.
You hit the orc wizard. Your headbutt misses the orc wizard.
The orc wizard is almost dead.
The orc wizard hits you but does no damage.
The orc hits you with a +0 short sword.
* * * LOW HITPOINT WARNING * * *
You block the goblin's attack. You block the orc wizard's attack.
You closely miss the orc wizard.
The orc wizard is almost dead.
A bat comes into view.
The orc hits you with a +0 short sword.
You die...

##....#.###.#..
.............l.
#######.###.###
## #†# .. #.#
#####
##.####.#$.....
#..............
...##.oo###...##
#.#@# #.# #.g.#
# ...###. #..#.
.# #. . #. ## #b
#


You could see an orc wizard, an orc, a goblin and a bat.

Vanquished Creatures
  Natasha (twice) (D:2)
  3 adders
  3 worms (D:2)
  2 dart slugs
  3 orcs (D:3)
  10 ball pythons
  5 endoplasms
  2 giant cockroaches
  4 goblins (D:1)
  4 hobgoblins
  4 jackals
  4 quokkas (D:1)
  6 bats
  3 frilled lizards
  A kobold (D:1)
  A rat (D:2)
57 creatures vanquished.

Notes
Turn   | Place    | Note
-------+----------+-------------------------------------------
     0 | D:1      | seveneves the Minotaur Fighter began the quest for the Orb.
     0 | D:1      | Reached XP level 1. HP: 19/19 MP: 0/0
   131 | D:1      | Found a faded altar of an unknown god.
   141 | D:1      | Got Plato's Catalogue of Orientation
   262 | D:1      | Reached XP level 2. HP: 20/27 MP: 1/1
   884 | D:1      | Reached XP level 3. HP: 33/33 MP: 2/2
  1316 | D:2      | Identified a scroll of acquirement
  1316 | D:2      | Acquired the ring "Fuyllimp" {*Slow rF++ rN+ Will+}
  1426 | D:2      | Reached skill level 1 in Dodging
  1759 | D:2      | Noticed Natasha
  1766 | D:2      | Killed Natasha
  1767 | D:2      | Reached XP level 4. HP: 23/40 MP: 3/3
  2071 | D:2      | Noticed Natasha
  2080 | D:2      | Killed Natasha
  2223 | D:3      | Upgraded the game from 0.27.0-1-g7a089689b8 to
                  | 0.27.1-3-gb3d3a73c9e
  2224 | D:3      | Reached XP level 5. HP: 43/46 MP: 4/4
  2240 | D:3      | HP: 1/46 [orc (3)]
  2241 | D:3      | Slain by an orc

Illustrated notes

Levels and vault maps discovered:
D:1:      lemuel_arrival_funnel, layout_basic,
          shapermc_ecumenical_altar_rom_forum, minmay_pentomino_o2
D:2:      layout_basic, uniq_natasha
D:3:      layout_basic, minmay_starry_boxes

Skill      XL: |  1  2  3 |
---------------+----------+-----
Armour         | 4 |  4.6
Fighting       | 4 |  4.1
Shields        | 4 |  4.9
Long Blades    | 3 |  3.6
Dodging        | 1 |  1.4
Stealth        | |  0.1

Action                   |  1- 3 |  4- 6 || total
-------------------------+-------+-------++-------
Melee: Long sword        |    98 |    40 ||   138
       Headbutt          |    14 |    10 ||    24
  Use: Scroll            |     5 |       ||     5
       Potion            |     1 |       ||     1
Armor: Scale mail        |    40 |    15 ||    55
Dodge: Dodged            |    29 |    16 ||    45
Block: Kite shield       |    60 |    35 ||    95
       Rpst.: Long sword |    10 |     6 ||    16
